 Dungeon Crawl Stone Soup version 0.23.0 (webtiles) character file.

Game seed: 1104811128340814845

226 Borgoz the Cutter (level 6, -1/38 HPs)
             Began as a Kobold Monk on Feb 16, 2019.
             Slain by an orc
             ... wielding a +0 trident
              (8 damage)
             ... on level 3 of the Dungeon.
             The game lasted 00:06:38 (3378 turns).

Borgoz the Cutter (Kobold Monk)                     Turns: 3378, Time: 00:06:38

Health: -1/38      AC:  3    Str:  8 (9)  XL:     6   Next: 22%
Magic:  6/6        EV: 18    Int:  9 (11) God:
Gold:   144        SH:  0    Dex: 17 (19) Spells: 5/5 levels left

rFire    . . .     SeeInvis .   a - +0 short sword
rCold    . . .     Gourm    .   (shield restricted)
rNeg     . . .     Faith    .   b - +0 robe
rPois    .         Spirit   .   (no helmet)
rElec    .         Reflect  .   m - +0 cloak
rCorr    .         Harm     .   (no gloves)
MR       .....                  (no boots)
Stlth    +++.......             (no amulet)
HPRegen  0.12/turn              (no ring)
MPRegen  0.10/turn              (no ring)

@: berserk cooldown, slowed, very slow
A: small, carnivore
a: no special abilities


You were on level 3 of the Dungeon.
You were very full.

You visited 1 branch of the dungeon, and saw 3 of its levels.

You collected 144 gold pieces.

Inventory:

Hand Weapons
 a - a +0 short sword (weapon)
Armour
 b - a +0 robe (worn)
 m - a +0 cloak (worn)
Jewellery
 o - a +3 ring of protection {unknown}
Scrolls
 d - a scroll of blinking {unknown}
 e - a scroll of noise {unknown}
 f - a scroll of remove curse
Potions
 g - a potion of haste
 l - 2 potions of resistance {unknown}
 n - a potion of ambrosia {unknown}
Comestibles
 c - 6 rations


   Skills:
 + Level 3.9 Fighting
 * Level 5.5 Short Blades
 + Level 1.1 Armour
 * Level 5.1 Dodging
 * Level 4.8 Stealth


You had 5 spell levels left.
You didn't know any spells.
Your spell library was empty.

Dungeon Overview and Level Annotations

Branches:
Dungeon (3/15)

Altars:
Makhleb
Ru
Xom

Annotations:
D:2 Sigmund, Terence


Innate Abilities, Weirdness & Mutations

You are small and have problems with some larger weapons.
You are carnivorous and can eat meat at any time.


Message History

The hobgoblin is almost dead.
The orc closely misses you.
You puncture the hobgoblin!
You kill the hobgoblin!
The orc hits you from afar with a +0 trident.
* * * LOW HITPOINT WARNING * * *
You are no longer berserk.
You are exhausted.
You feel yourself slow down.
Items here: $ ( )) = ? [[ You hit the orc.
The orc is heavily wounded.
The orc hits you but does no damage.
You hit the orc but do no damage.
The orc is heavily wounded.
The orc completely misses you.
You hit the orc but do no damage.
The orc is heavily wounded.
The orc hits you with a +0 trident!
You die...

######### #...).... ##
#)#.##### .. ##)#.# # .
#. ##.)..## # ... #.
##......## #
.....#.######..<.....###
......o@.............)).
.....#.######...>....###
... ... #.......## .
...#. #.#....## .......
...##.#.# #... ##
######.#.# #.. ..#.# ...
.....# #######


You could see an orc.

Vanquished Creatures
  3 orc wizards
  4 adders
  3 oozes
  5 dart slugs
  10 orcs (D:3)
  A ball python (D:3)
  9 bats
  A giant cockroach (D:2)
  6 goblins
  10 hobgoblins
  4 jackals (D:2)
  5 frilled lizards
  7 kobolds
  7 rats
75 creatures vanquished.

Notes
Turn   | Place    | Note
-------+----------+-------------------------------------------
     0 | D:1      | Borgoz the Kobold Monk began the quest for the Orb.
     0 | D:1      | Reached XP level 1. HP: 14/14 MP: 1/1
   350 | D:1      | Reached XP level 2. HP: 14/19 MP: 2/2
   595 | D:1      | Reached XP level 3. HP: 10/23 MP: 3/3
  1324 | D:2      | Found a faded altar of an unknown god.
  1348 | D:2      | Reached XP level 4. HP: 28/28 MP: 4/4
  1361 | D:2      | Noticed Sigmund
  1645 | D:2      | Found a burning altar of Makhleb.
  1648 | D:2      | Found a shimmering altar of Xom.
  2002 | D:2      | Noticed Terence
  2033 | D:2      | Reached skill level 5 in Short Blades
  2355 | D:2      | Found a sacrificial altar of Ru.
  2380 | D:2      | Reached XP level 5. HP: 23/33 MP: 5/5
  2788 | D:3      | Reached skill level 1 in Armour
  2827 | D:3      | Reached XP level 6. HP: 14/38 MP: 6/6
  3019 | D:3      | Reached skill level 5 in Dodging
  3378 | D:3      | Slain by an orc

Skill      XL: |  1  2  3  4  5  6 |
---------------+-------------------+-----
Stealth        | 3 4 |  4.8
Dodging        | 4 5 |  5.1
Short Blades   | 5 |  5.5
Armour         | 1 |  1.1
Fighting       | |  3.9

Action                   |  1- 3 |  4- 6 || total
-------------------------+-------+-------++-------
Melee: Short sword       |    99 |   260 ||   359
  Use: Scroll            |       |     4 ||     4
       Potion            |       |     7 ||     7
 Stab: Sleeping          |     5 |     7 ||    12
       Distracted        |       |     1 ||     1
  Eat: Chunk             |     9 |     7 ||    16
Armor: Robe              |     3 |    28 ||    31
Dodge: Dodged            |    56 |   197 ||   253
